 Dungeon Crawl Stone Soup version 0.18-b1-16-g289874d (webtiles) character file.

95 otab the Cudgeler (level 4, -7/49 HPs)
             Began as an Ogre Berserker on May 1, 2016.
             Was a Believer of Trog.
             Mangled by otab's ghost (10 damage)
             ... on level 3 of the Dungeon.
             The game lasted 00:02:02 (1897 turns).

otab the Cudgeler (Ogre Berserker)                  Turns: 1897, Time: 00:02:02

Health: -7/49      AC:  3    Str: 25 (27) XL:     4   Next: 66%
Magic:  4/4        EV: 10    Int:  9 (11) God:    Trog [**....]
Gold:   90         SH:  0    Dex:  9 (10) Spells: 0 memorised, 3 levels left

rFire  . . .     SeeInvis .     a - +0 mace
rCold  . . .     Gourm    .     b - +0 animal skin
rNeg   . . .     Faith    .     (no shield)
rPois  .         Spirit   .     (helmet restricted)
rElec  .         Dismiss  .     (no cloak)
rCorr  .         Reflect  .     (gloves unavailable)
SustAt .         Harm     .     (boots unavailable)
MR     .....                    (no amulet)
Stlth  +.........               (no ring)
                                (no ring)

@: mighty, brilliant, not resistant to hostile enchantments, very unstealthy
A: unfitting armour, tough skin 1
a: Berserk, Trog's Hand, Burn Spellbooks, Renounce Religion


You were on level 3 of the Dungeon.
You worshipped Trog.
Trog was pleased with you.
You were near starving.

You visited 1 branch of the dungeon, and saw 3 of its levels.

You collected 90 gold pieces.

Inventory:

Hand Weapons
 a - a +0 mace (weapon)
Armour
 b - a +0 animal skin (worn)
Jewellery
 r - an uncursed ring of protection from magic {unknown}
Wands
 k - a wand of iceblast (11/15)
Scrolls
 e - a scroll of immolation {unknown}
 f - a scroll of enchant weapon {unknown}
 g - a scroll of random uselessness {unknown}
 i - 2 scrolls of identify {unknown}
 l - a scroll of enchant armour {unknown}
 n - 3 scrolls of remove curse {unknown}
 q - a scroll of teleportation {unknown}
 s - a scroll of amnesia {unknown}
 t - a scroll of recharging {unknown}
Potions
 d - 2 potions of degeneration
Comestibles
 c - 2 bread rations
 h - 4 fruits
 m - 2 meat rations
 u - a beef jerky


   Skills:
 + Level 4.4 Fighting
 * Level 5.7 Maces & Flails
 + Level 3.5 Dodging


You had 3 spell levels left.
You didn't know any spells.

Dungeon Overview and Level Annotations

Branches:
Dungeon (3/15)

Altars:
Dithmenos
Gozag
Vehumet

Annotations:
D:3 otab's ghost, amateur OgGl


Innate Abilities, Weirdness & Mutations

You are too large for most types of armour.
You have tough skin (AC +1).


Message History

You feel better. Otab's ghost hits you.
You barely miss otab's ghost.
Otab's ghost is moderately damaged.
Otab's ghost hits you.
* * * LOW HITPOINT WARNING * * *
You bludgeon otab's ghost!!
Otab's ghost is heavily damaged.
Otab's ghost barely misses you.
You closely miss otab's ghost.
Otab's ghost is heavily damaged.
Otab's ghost hits you.
* * * LOW HITPOINT WARNING * * *
You closely miss otab's ghost.
Otab's ghost is heavily damaged.
Otab's ghost hits you.
* * * LOW HITPOINT WARNING * * *
You thump otab's ghost!
Otab's ghost is severely damaged.
Otab's ghost hits you!
You die...

##. #.. #.# #.# ###
######.##### ###..
#....<.....# #...#
#..........#####.##.
#.....<..........##.
#..@.......########.
#.W........# #.
.............# #.
..###..........# #.
#..........# ####.
################....
#.>..... #.###...
#.###..#


You could see otab's ghost.

Vanquished Creatures
  Jessica (D:3)
  2 adders
  An ooze (D:1)
  A worm (D:2)
  4 bats
  4 giant cockroaches (D:2)
  2 goblins
  7 hobgoblins
  4 jackals (D:2)
  8 kobolds
  2 quokkas (D:2)
  2 ball pythons (D:2)
  2 giant newts
  4 rats
44 creatures vanquished.

Notes
Turn   | Place    | Note
--------------------------------------------------------------
     0 | D:1      | otab the Ogre Berserker began the quest for the Orb.
     0 | D:1      | Reached XP level 1. HP: 24/24 MP: 1/1
   303 | D:1      | Reached XP level 2. HP: 31/32 MP: 2/2
   629 | D:2      | Reached skill level 5 in Maces & Flails
   629 | D:2      | Reached XP level 3. HP: 35/39 MP: 3/3
   840 | D:2      | Reached ** piety under Trog
   876 | D:2      | Found an opulent altar of Gozag.
  1263 | D:2      | Found a shadowy altar of Dithmenos.
  1425 | D:2      | Reached XP level 4. HP: 43/48 MP: 4/4
  1745 | D:3      | Found a radiant altar of Vehumet.
  1840 | D:3      | Noticed Jessica
  1846 | D:3      | Killed Jessica
  1879 | D:3      | Noticed otab's ghost (amateur OgGl)
  1897 | D:3      | Mangled by otab's ghost

Skill      XL: |  1  2  3 |
---------------+----------+-----
Maces & Flails | 5 |  5.7
Dodging        | 3 |  3.5
Fighting       | |  4.4

Action                   |  1- 3 |  4- 6 || total
-------------------------+-------+-------++-------
Melee: Mace              |   113 |    31 ||   144
  Use: Potion            |       |     5 ||     5
 Stab: Sleeping          |     2 |       ||     2
  Eat: Beef jerky        |       |     1 ||     1
Armor: Animal skin       |    31 |     4 ||    35
Dodge: Dodged            |    71 |    18 ||    89
